 Dungeon Crawl Stone Soup version 0.29.0-4-gdea44cf6ec (webtiles) character file.

Game seed: 1870035332798560985

108 qw the Chopper (level 4, 0/28 HPs)
             Began as a Gargoyle Fighter on Sept 10, 2022.
             Slain by a gnoll
             ... wielding a +2 vorpal spear
              (3 damage)
             ... on level 2 of the Dungeon.
             The game lasted 00:00:38 (1397 turns).

qw the Chopper (Gargoyle Fighter)                   Turns: 1397, Time: 00:00:38

Health: 0/28       AC: 10    Str: 21    XL:     4   Next: 87%
Magic:  4/4        EV:  9    Int:  9    God:
Gold:   98         SH:  4    Dex:  9    Spells: 3/3 levels left

rFire   + . .      SeeInvis .   Y - +3 war axe
rCold   + . .      Faith    .   c - +0 buckler
rNeg    + . .      Spirit   .   b - +0 scale mail
rPois   inf        Reflect  .   (no helmet)
rElec   +          Harm     .   e - scarf {rC+ rF+}
rCorr   .          Rampage  .   (no gloves)
Will    .....                   (no boots)
Stlth   ..........              (no amulet)
HPRegen 0.09/turn               (no ring)
MPRegen 0.09/turn               (no ring)

@: no status effects
A: sickness immunity, AC +3, negative energy resistance 1, electricity
resistance, torment resistance 1, petrification resistance
a: no special abilities


You were on level 2 of the Dungeon.
You visited 1 branch of the dungeon, and saw 2 of its levels.

You collected 98 gold pieces.


Innate Abilities, Weirdness & Mutations

You are immune to sickness and miasma.
Your stone body is resilient. (AC +3)
You are immune to poison.
You resist negative energy. (rN+)
You are resistant to electric shocks. (rElec)
You are resistant to unholy torment.
You are immune to petrification.


   Skills:
 - Level 3.2 Fighting
 + Level 4.4 Axes
 - Level 3.2 Armour
 - Level 3.2 Shields


You had 3 spell levels left.
You didn't know any spells.
Your spell library was empty.

Inventory:

Hand Weapons
 h - a +0 club
 Y - a +3 war axe (weapon)
Armour
 b - a +0 scale mail (worn)
 c - a +0 buckler (worn)
 e - a scarf of resistance (worn)
Scrolls
 f - a scroll of identify {unknown}
Potions
 a - a potion of haste {unknown}
 d - a potion of might
 g - a potion of curing {unknown}

Dungeon Overview and Level Annotations

Branches:
Dungeon (2/15)

Altars:


Message History

You hit the gnoll.
The gnoll is moderately wounded.
The gnoll hits you with a +0 flail!
You slash the gnoll!
You kill the gnoll!
The gnoll hits you with a +0 whip.
You barely miss the gnoll. You block the gnoll's attack.
You hit the gnoll.
The gnoll is moderately wounded.
The gnoll hits you with a +0 whip.
You barely miss the gnoll.
The gnoll is moderately wounded.
The gnoll hits you with a +0 whip. The gnoll misses you.
You slash the gnoll!
You kill the gnoll!
You slash the worm!
The worm is severely wounded.
You slash the worm!
You kill the worm!
The gnoll barely misses you. The gnoll closely misses you.
The gnoll barely misses you.
You hit the gnoll but do no damage.
The gnoll hits you from afar with a +2 vorpal spear.
The gnoll hits you but does no damage.
You slash the gnoll!
The gnoll is heavily wounded.
The gnoll closely misses you.
The gnoll hits you from afar with a +2 vorpal spear.
You slice the gnoll!!
You kill the gnoll!
The gnoll hits you but does no damage. x2
The gnoll hits you with a +2 vorpal spear.
Items here: %% ))).
You closely miss the gnoll. The gnoll closely misses you.
You hit the gnoll.
The gnoll is moderately wounded.
The gnoll hits you with a +2 vorpal spear.
You die...

#.# ..#.#
#.#.#
#.#.# ##
#.#.# ..
#.#.#
###.#.#.#
#.....#.#
#..g@.#
.....#####
##.


You could see a gnoll.

Vanquished Creatures
  6 gnolls (D:2)
  A worm (D:2)
  A dart slug (D:1)
  4 ball pythons
  9 bats
  5 endoplasms (D:1)
  5 goblins
  3 hobgoblins (D:1)
  2 kobolds (D:1)
  A quokka (D:1)
  2 frilled lizards (D:1)
  7 rats
46 creatures vanquished.

Notes
Turn   | Place    | Note
-------+----------+-------------------------------------------
     0 | D:1      | qw the Gargoyle Fighter began the quest for the Orb.
     0 | D:1      | Reached XP level 1. HP: 14/14 MP: 1/1
     0 | D:1      | 0 ||| qw: Version: 0.1-a-116-g5d60599
     0 | D:1      | 0 ||| qw: Game counter: 7428
     0 | D:1      | 0 ||| qw: Always use a shield: true
     0 | D:1      | 0 ||| qw: God list: Okawaru
     0 | D:1      | 0 ||| qw: Allow faded altars: false
     0 | D:1      | 0 ||| qw: Do Orc after D:15 true
     0 | D:1      | 0 ||| qw: Do second Lair branch before Depths: true
     0 | D:1      | 0 ||| qw: Lair rune preference: random
     0 | D:1      | 0 ||| qw: Plans: Normal, Zot, God:TSO, Crypt, Tomb, Zig,
                  | Orb
     0 | D:1      | 0 ||| PLANNING D:1-11
    28 | D:1      | 28 ||| Stepping ~*~*~tactically~*~*~ (hiding).
    39 | D:1      | Reached skill level 2 in Axes
   219 | D:1      | Reached XP level 2. HP: 19/19 MP: 2/2
   572 | D:1      | Reached skill level 3 in Axes
   650 | D:1      | Reached XP level 3. HP: 22/23 MP: 3/3
   788 | D:1      | 788 ||| Stepping ~*~*~tactically~*~*~ (stealth).
  1025 | D:1      | Found a faded altar of an unknown god.
  1124 | D:1      | 1124 ||| UPGRADING to scarf of resistance.
  1129 | D:1      | 1129 ||| READING scroll labelled LAHYFA LINUJYT.
  1130 | D:1      | 1130 ||| READING scroll labelled ASU NANYIPU.
  1131 | D:1      | 1131 ||| READING 3 scrolls labelled BOKHOR XOAQENT.
  1132 | D:1      | 1132 ||| READING 2 scrolls of enchant weapon.
  1132 | D:1      | 1132 ||| ENCHANTING +1 war axe.
  1133 | D:1      | 1133 ||| READING scroll of enchant weapon.
  1133 | D:1      | 1133 ||| ENCHANTING +2 war axe.
  1245 | D:2      | Reached XP level 4. HP: 19/28 MP: 4/4
  1254 | D:2      | Reached skill level 4 in Axes
  1382 | D:2      | 1382 ||| Stepping ~*~*~tactically~*~*~ (hiding).
  1393 | D:2      | HP: 7/28 [gnoll/+2 vorpal spear (1)]
  1395 | D:2      | HP: 3/28 [gnoll/+2 vorpal spear (1)]
  1397 | D:2      | Slain by a gnoll

Levels and vault maps discovered:
D:1:      dpeg_arrival_short_road, layout_loops_ring,
          hellmonk_ecumenical_altar_run_dry, nicolae_titane
D:2:      layout_loops_ring, basic_altar

Skill      XL: |  1  2  3  4 |
---------------+-------------+-----
Axes           | 2 3 4 |  4.4
Fighting       | |  3.2
Armour         | |  3.2
Shields        | |  3.2

Action                   |  1- 3 |  4- 6 || total
-------------------------+-------+-------++-------
Melee: War axe           |   115 |    23 ||   138
  Use: Scroll            |     5 |       ||     5
Armor: Scale mail        |    49 |     6 ||    55
Dodge: Dodged            |    55 |    12 ||    67
Block: Buckler           |    21 |     3 ||    24

Table legend:
 A = Non-vault XP
 B = Vault XP
 C = Vault XP percentage of total XP
 D = Non-vault monster count
 E = Vault monster count
 F = Vault count percentage of total count
                 A         B        C        D         E       F
            +---------+---------+-------+---------+---------+-------
      Total |     155 |       0 |   0.0 |      46 |       0 |   0.0
            +---------+---------+-------+---------+---------+-------
        D:1 |      56 |       0 |   0.0 |      33 |       0 |   0.0
        D:2 |      99 |       0 |   0.0 |      13 |       0 |   0.0
            +---------+---------+-------+---------+---------+-------
